IL
EL PASO CHIHUAHUAS @ NEW ORLEANS ZEPHYRS
09/23/2049
 
TOP OF THE 1ST
El Paso Chihuahuas batting - Pitching for New Orleans Zephyrs : LHP Cody Coward
Pitching: LHP Cody Coward
Batting: RHB Robby Godwin 0-0: Ball
1-0: SINGLE (Line Drive, 56D, EV 105.6 MPH)
Batting: RHB Jerry Escamilla 0-0: Called Strike
0-1: Ball
1-1: Ball
2-1: Swinging Strike
2-2: Foul Ball, location: 2F
2-2: Ball
3-2: Fly out, F3 (Popup, 3SF, EV 80.6 MPH)
Batting: RHB Mike Hayward 0-0: Called Strike
0-1: Called Strike
0-2: Ball
1-2: Ball
2-2: Ball
3-2: Grounds into double play, 6-4-3 (Groundball, 6, EV 109.4 MPH)
Top of the 1st over - 0 runs, 1 hit, 0 errors, 0 left on base; El Paso 0 - New Orleans 0
BOTTOM OF THE 1ST
New Orleans Zephyrs batting - Pitching for El Paso Chihuahuas : RHP Justin Jones
Pitching: RHP Justin Jones
Batting: LHB David Doge 0-0: Ball
1-0: Called Strike
1-1: Ball
2-1: Swinging Strike
2-2: Ground out 6-3 (Groundball, 6, EV 102.5 MPH)
Batting: RHB Manuel Taveras 0-0: Foul Ball, location: 2F
0-1: Foul Ball, location: 2F
0-2: Ball
1-2: Foul Ball, location: 2F
1-2: Fly out, F3 (Popup, 3SF, EV 75.0 MPH)
Batting: LHB Eric Bailey 0-0: Ground out 6-3 (Groundball, P, EV 79.4 MPH)
Bottom of the 1st over - 0 runs, 0 hits, 0 errors, 0 left on base; El Paso 0 - New Orleans 0
TOP OF THE 2ND
El Paso Chihuahuas batting - Pitching for New Orleans Zephyrs : LHP Cody Coward
Batting: RHB Andy Sheridan 0-0: Foul Ball, location: 2F
0-1: Ball
1-1: Ground out 6-3 (Groundball, 56, EV 101.9 MPH)
Batting: LHB Carlos Cuellar 0-0: Ball
1-0: Ball
2-0: DOUBLE (Line Drive, 7LD, EV 105.0 MPH)
Batting: RHB Danny Bunn 0-0: Called Strike
0-1: Ball
1-1: Ball
2-1: Fly out, F8 (Line Drive, 8LS, EV 95.0 MPH)
Batting: RHB Dave Cluster 0-0: Ball
1-0: Ball
2-0: Ground out 6-3 (Groundball, 6, EV 106.2 MPH)
Top of the 2nd over - 0 runs, 1 hit, 0 errors, 1 left on base; El Paso 0 - New Orleans 0
BOTTOM OF THE 2ND
New Orleans Zephyrs batting - Pitching for El Paso Chihuahuas : RHP Justin Jones
Batting: RHB Adam McGurn 0-0: Ball
1-0: Foul Ball, location: 2F
1-1: Ground out 6-3 (Groundball, 6, EV 85.0 MPH)
Batting: SHB Ramon Martinez 0-0: Foul Ball, location: 2F
0-1: Ball
1-1: Fly out, F6 (Popup, 6M, EV 60.6 MPH)
Batting: RHB Isaiah Brockman 0-0: Ball
1-0: Foul Ball, location: 2F
1-1: Swinging Strike
1-2: Fly out, F7 (Flyball, 7LSF, EV 88.8 MPH)
Bottom of the 2nd over - 0 runs, 0 hits, 0 errors, 0 left on base; El Paso 0 - New Orleans 0
TOP OF THE 3RD
El Paso Chihuahuas batting - Pitching for New Orleans Zephyrs : LHP Cody Coward
Batting: LHB Rich Atterberry 0-0: Called Strike
0-1: Called Strike
0-2: Ball
1-2: Foul Ball, location: 2F
1-2: Foul Ball, location: 2F
1-2: Strikes out swinging
Batting: SHB Harrison McLaughlin 0-0: Fly out, F9 (Flyball, 9, EV 88.1 MPH)
Batting: RHB Robby Godwin 0-0: Ball
1-0: Ground out 3-1 (Groundball, 34, EV 84.4 MPH)
Top of the 3rd over - 0 runs, 0 hits, 0 errors, 0 left on base; El Paso 0 - New Orleans 0
BOTTOM OF THE 3RD
New Orleans Zephyrs batting - Pitching for El Paso Chihuahuas : RHP Justin Jones
Batting: RHB Orlando Landa 0-0: Ball
1-0: Ball
2-0: Ball
3-0: Called Strike
3-1: Called Strike
3-2: Fly out, F8 (Flyball, 8RS, EV 87.5 MPH)
Batting: RHB Boof Howell 0-0: Ball
1-0: Ball
2-0: Ground out 6-3 (Groundball, 6, EV 83.1 MPH)
Batting: RHB Masumitsu Sugiura 0-0: SINGLE (Groundball, 56S, EV 68.1 MPH) (infield hit)
Batting: LHB David Doge 0-0: Fly out, F8 (Flyball, 8RD, EV 105.6 MPH)
Bottom of the 3rd over - 0 runs, 1 hit, 0 errors, 1 left on base; El Paso 0 - New Orleans 0
TOP OF THE 4TH
El Paso Chihuahuas batting - Pitching for New Orleans Zephyrs : LHP Cody Coward
Batting: RHB Jerry Escamilla 0-0: Called Strike
0-1: Fly out, F9 (Flyball, 9D, EV 100.0 MPH)
Batting: RHB Mike Hayward 0-0: Called Strike
0-1: Ball
1-1: Ball
2-1: Fly out, F3 (Popup, 3SF, EV 70.6 MPH)
Batting: RHB Andy Sheridan 0-0: Foul Ball, location: 2F
0-1: Called Strike
0-2: Ground out 6-3 (Groundball, 6, EV 83.8 MPH)
Top of the 4th over - 0 runs, 0 hits, 0 errors, 0 left on base; El Paso 0 - New Orleans 0
BOTTOM OF THE 4TH
New Orleans Zephyrs batting - Pitching for El Paso Chihuahuas : RHP Justin Jones
Batting: RHB Manuel Taveras 0-0: Ball
1-0: Fly out, F3 (Popup, 3SF, EV 73.1 MPH)
Batting: LHB Eric Bailey 0-0: Ball
1-0: Ball
2-0: Ground out 6-3 (Groundball, 6, EV 100.6 MPH)
Batting: RHB Adam McGurn 0-0: Ball
1-0: Ball
2-0: SINGLE (Flyball, 8LS, EV 91.9 MPH)
Batting: SHB Ramon Martinez 0-0: SINGLE (Groundball, 34S, EV 78.8 MPH) (infield hit)
Adam McGurn to second
Batting: RHB Isaiah Brockman 0-0: Ball
1-0: Ball
2-0: Fielders Choice at 2nd, 5-4 (Groundball, 56, EV 93.8 MPH)
Bottom of the 4th over - 0 runs, 2 hits, 0 errors, 2 left on base; El Paso 0 - New Orleans 0
TOP OF THE 5TH
El Paso Chihuahuas batting - Pitching for New Orleans Zephyrs : LHP Cody Coward
Batting: LHB Carlos Cuellar 0-0: Ball
1-0: Ball
2-0: Swinging Strike
2-1: Ball
3-1: Ground out 6-3 (Groundball, 6M, EV 91.9 MPH)
Batting: RHB Danny Bunn 0-0: Ground out 5-3 (Groundball, 56, EV 81.9 MPH)
Batting: RHB Dave Cluster 0-0: Foul Ball, location: 2F
0-1: Ball
1-1: Fly out, F6 (Popup, 6S, EV 76.2 MPH)
Top of the 5th over - 0 runs, 0 hits, 0 errors, 0 left on base; El Paso 0 - New Orleans 0
BOTTOM OF THE 5TH
New Orleans Zephyrs batting - Pitching for El Paso Chihuahuas : RHP Justin Jones
Batting: RHB Orlando Landa 0-0: Called Strike
0-1: Ball
1-1: Ball
2-1: Ball
3-1: Swinging Strike
3-2: Ground out 3-1 (Groundball, 34, EV 109.4 MPH)
Batting: RHB Boof Howell 0-0: Foul Ball, location: 2F
0-1: Ball
1-1: Swinging Strike
1-2: SINGLE (Line Drive, 78S, EV 107.5 MPH)
Batting: RHB Masumitsu Sugiura 0-0: Fielders Choice at 2nd, 5-4 (Groundball, 56, EV 83.1 MPH)
Batting: LHB David Doge 0-0: Ball
1-0: DOUBLE (Line Drive, 7LS, EV 106.2 MPH)
Masumitsu Sugiura to third
Runner from 3rd tries for Home, SAFE, no throw by LF
Batting: RHB Manuel Taveras 0-0: Called Strike
David Doge steals 3rd base (no throw)
0-1: Swinging Strike
0-2: Ground out 5-3 (Groundball, 5S, EV 66.2 MPH)
Bottom of the 5th over - 1 run, 2 hits, 0 errors, 1 left on base; El Paso 0 - New Orleans 1
TOP OF THE 6TH
El Paso Chihuahuas batting - Pitching for New Orleans Zephyrs : LHP Cody Coward
Batting: LHB Rich Atterberry 0-0: Foul Ball, location: 2F
0-1: Swinging Strike
0-2: Foul Ball, location: 2F
0-2: Ball
1-2: Foul Ball, location: 2F
1-2: Fly out, F9 (Flyball, 9LM, EV 83.8 MPH)
Batting: SHB Harrison McLaughlin 0-0: Ball
1-0: Ball
2-0: SINGLE (Groundball, 56D, EV 102.5 MPH)
Batting: RHB Robby Godwin 0-0: Called Strike
0-1: Called Strike
0-2: Foul Ball, location: 2F
0-2: Ground out 6-3 (Groundball, 6S, EV 65.6 MPH)
Harrison McLaughlin to second
Batting: RHB Jerry Escamilla 0-0: Ball
1-0: Called Strike
1-1: Foul Ball, location: 2F
1-2: Strikes out swinging
Top of the 6th over - 0 runs, 1 hit, 0 errors, 1 left on base; El Paso 0 - New Orleans 1
BOTTOM OF THE 6TH
New Orleans Zephyrs batting - Pitching for El Paso Chihuahuas : RHP Justin Jones
Batting: LHB Eric Bailey 0-0: Ball
1-0: Ball
2-0: Foul Ball, location: 2F
2-1: Fly out, F9 (Flyball, 9D, EV 99.4 MPH)
Batting: RHB Adam McGurn 0-0: Ball
1-0: Foul Ball, location: 2F
1-1: Swinging Strike
1-2: Ball
2-2: Fly out, F9 (Flyball, 9, EV 98.1 MPH)
Batting: SHB Ramon Martinez 0-0: Ball
1-0: Ball
2-0: Ball
3-0: Foul Ball, location: 2F
3-1: Base on Balls
Batting: RHB Isaiah Brockman 0-0: SINGLE (Groundball, 4D, EV 103.1 MPH)
Ramon Martinez to second
Runner from 2nd tries for 3rd, SAFE, no throw by CF
Batting: RHB Orlando Landa 0-0: Ball
1-0: Called Strike
1-1: Ball
2-1: Fielders Choice at 2nd, 5-4 (Groundball, 5, EV 85.0 MPH)
Bottom of the 6th over - 0 runs, 1 hit, 0 errors, 2 left on base; El Paso 0 - New Orleans 1
TOP OF THE 7TH
El Paso Chihuahuas batting - Pitching for New Orleans Zephyrs : LHP Cody Coward
Batting: RHB Mike Hayward 0-0: Ball
1-0: Ball
2-0: Foul Ball, location: 2F
2-1: Ball
3-1: Foul Ball, location: 2F
3-2: Strikes out swinging
Batting: RHB Andy Sheridan 0-0: Ball
1-0: Ball
2-0: Called Strike
2-1: Ball
3-1: Base on Balls
Pinch Hitting: RHB Jeff Brower 0-0: Ball
1-0: Called Strike
1-1: Called Strike
1-2: Foul Ball, location: 2F
1-2: Ball
2-2: Ball
3-2: Grounds into double play, 2-6-3 (Groundball, 2R, EV 70.6 MPH)
Top of the 7th over - 0 runs, 0 hits, 0 errors, 0 left on base; El Paso 0 - New Orleans 1
BOTTOM OF THE 7TH
New Orleans Zephyrs batting - Pitching for El Paso Chihuahuas : RHP Justin Jones
Now in LF: Adam Martin
Batting: RHB Boof Howell 0-0: Swinging Strike
0-1: Foul Ball, location: 2F
0-2: Ball
1-2: SINGLE (Groundball, 56D, EV 103.1 MPH)
Batting: RHB Masumitsu Sugiura 0-0: Ball
Boof Howell steals 2nd base
1-0: Ball
Wild Pitch!
Boof Howell to third
2-0: Called Strike
2-1: Ball
3-1: Called Strike
3-2: Fly out, F8 (Flyball, 8RS, EV 88.8 MPH)
Batting: LHB David Doge 0-0: Ball
1-0: Called Strike
1-1: Foul Ball, location: 2F
1-2: SINGLE (Line Drive, 9S, EV 87.5 MPH)
Boof Howell scores
Batting: RHB Manuel Taveras 0-0: Called Strike
0-1: Called Strike
David Doge steals 2nd base
0-2: Ball
1-2: Fly out, F8 (Flyball, 8RXD, EV 96.2 MPH)
Runner from 2nd tags up, SAFE at 3rd, no throw by CF
Pitching: RHP Ludo Argo
Batting: LHB Eric Bailey 0-0: Foul Ball, location: 2F
0-1: Ball
1-1: Ball
2-1: Fly out, F8 (Line Drive, 8RD, EV 100.0 MPH)
Bottom of the 7th over - 1 run, 2 hits, 0 errors, 1 left on base; El Paso 0 - New Orleans 2
TOP OF THE 8TH
El Paso Chihuahuas batting - Pitching for New Orleans Zephyrs : LHP Cody Coward
Batting: RHB Danny Bunn 0-0: Called Strike
0-1: Fly out, F3 (Line Drive, 34, EV 71.9 MPH)
Batting: RHB Dave Cluster 0-0: Ball
1-0: Ground out U3 (Groundball, 34, EV 86.2 MPH)
Batting: LHB Rich Atterberry 0-0: Ball
1-0: Called Strike
1-1: Ball
2-1: Foul Ball, location: 2F
2-2: Foul Ball, location: 2F
2-2: Ball
3-2: Strikes out swinging
Top of the 8th over - 0 runs, 0 hits, 0 errors, 0 left on base; El Paso 0 - New Orleans 2
BOTTOM OF THE 8TH
New Orleans Zephyrs batting - Pitching for El Paso Chihuahuas : RHP Ludo Argo
Batting: RHB Adam McGurn 0-0: Called Strike
0-1: Ball
1-1: Foul Ball, location: 2F
1-2: SINGLE (Line Drive, 7LS, EV 90.6 MPH)
Batting: SHB Ramon Martinez 0-0: Ground out 6-3 (Groundball, P, EV 83.1 MPH)
Adam McGurn to second
Batting: RHB Isaiah Brockman 0-0: Ball
1-0: Fly out, F7 (Line Drive, 7, EV 85.6 MPH)
Batting: RHB Orlando Landa 0-0: Hit by Pitch
Batting: RHB Boof Howell 0-0: Foul Ball, location: 2F
0-1: Foul Ball, location: 2F
0-2: Ball
1-2: Foul Ball, location: 2F
1-2: Ball
2-2: Fielders Choice at 2nd, U6 (Groundball, 6M, EV 91.2 MPH)
Bottom of the 8th over - 0 runs, 1 hit, 0 errors, 2 left on base; El Paso 0 - New Orleans 2
TOP OF THE 9TH
El Paso Chihuahuas batting - Pitching for New Orleans Zephyrs : LHP Cody Coward
Pitching: LHP Hideo Komatsu
Now in RF: Harrie de Kam
Batting: SHB Harrison McLaughlin 0-0: SINGLE (Groundball, 56S, EV 75.0 MPH) (infield hit)
Batting: RHB Robby Godwin 0-0: Fly out, F8 (Flyball, 8LM, EV 91.9 MPH)
Batting: RHB Jerry Escamilla 0-0: Ball
1-0: Swinging Strike
1-1: Ball
2-1: Foul Ball, location: 2F
2-2: Foul Ball, location: 2F
2-2: Ball
3-2: Foul Ball, location: 2F
3-2: Foul Ball, location: 2F
3-2: Foul Ball, location: 2F
3-2: Base on Balls
Harrison McLaughlin to second
Batting: RHB Mike Hayward 0-0: Ball
1-0: Called Strike
1-1: Fly out, F8 (Flyball, 8LXD, EV 95.6 MPH)
Runner from 2nd tags up, SAFE at 3rd, no throw by CF
Batting: RHB Andy Sheridan 0-0: Ball
1-0: Ball
2-0: Ball
3-0: Called Strike
3-1: Base on Balls
Jerry Escamilla to second
Batting: SHB Adam Martin 0-0: Ball
1-0: Called Strike
1-1: Called Strike
1-2: Foul Ball, location: 2F
1-2: Ball
2-2: Strikes out looking
Top of the 9th over - 0 runs, 1 hit, 0 errors, 3 left on base; El Paso 0 - New Orleans 2
Sunday, July 16th , 2023 - OOTP Baseball 24.6 Build 69